cohdb
Replays
Latest Replays
All Replays
Popular Replays
Top Player Replays
Match Explorer
How It Works
Community
CoH3 Stats
Reddit
Sign in to upload your games and track your stats! →
Sign in with Steam
Match 42420396
Unlisted
Match 42420396
Overview
Messages
Build Orders
End
Kettenkrad Recon Vehicle
Construct Infanterie Kompanie
Selects Mechanized Battlegroup
Grenadier Squad
MG 42 Machine Gun Team
Grenadier Squad
Construct Luftwaffe Kompanie
221 Scout Car
Selects Raid Package
Jäger Squad
Luftwaffe Officer Quarters
Pioneer Squad
Medical Station
Selects StuG Assault Group
StuG Assault Group
Kettenkrad Recon Vehicle
Construct Panzer Kompanie
Selects Mobile Repair Stations
Selects Stoßtruppen Assault Package
MG 42 Machine Gun Team
Panzer Officer Quarters
Selects Mechanized Assault
Stoßtruppen Squad
Isumaya
Mustache and Melons
Little Wanker
Sąsiad
apicton
GodFearer777xboxlive
0
0
Comments
sign in to comment!
No comments posted yet!